 Dungeon Crawl Stone Soup version 0.25.1-2-g60ff931df9 (webtiles) character file.

Game seed: 3612348119590189610

18428 DearestLeader the Earth Mage (level 12, -5/59 HPs)
             Began as a Gargoyle Earth Elementalist on Oct 3, 2020.
             Was an Elder of Vehumet.
             Slain by a minotaur (shapeshifter) (17 damage)
             ... in a Gauntlet.
             The game lasted 00:43:12 (16559 turns).

DearestLeader the Earth Mage (GrEE)                Turns: 16559, Time: 00:43:13

Health: -5/59      AC: 16    Str: 18    XL:     12   Next: 58%
Magic:  9/33       EV: 13    Int: 22    God:    Vehumet [****..]
Gold:   726        SH:  0    Dex:  7    Spells: 7/27 levels left

rFire    + . .     SeeInvis .   p - +0 whip (freeze)
rCold    x . .     Gourm    .   (no shield)
rNeg     + . .     Faith    .   x - +2 robe {MR+}
rPois    ∞         Spirit   .   n - +0 helmet
rElec    +         Reflect  .   j - +1 cloak
rCorr    .         Harm     .   s - +0 pair of gloves
MR       +....     NoTele   +   (no boots)
Stlth    ++........             (no amulet)
HPRegen  0.19/turn              W - ring of Plog {Fire +Inv rElec Str+7 Dex-3}
MPRegen  0.23/turn              h - ring of magical power

@: no status effects
A: negative energy resistance 1, electricity resistance, unbreathing,
petrification resistance, rot immunity, AC +8
a: Renounce Religion, Evoke Invisibility


You were in a Gauntlet.
You worshipped Vehumet.
Vehumet was greatly pleased with you.
You were not hungry.

You visited 3 branches of the dungeon, and saw 13 of its levels.
You also visited: Bailey and Gauntlet.

You collected 855 gold pieces.
You spent 129 gold pieces at shops.

Inventory:

Hand Weapons
 c - a +0 dagger of holy wrath
 p - a +0 whip of freezing (weapon)
Missiles
 b - 87 stones (quivered)
Armour
 j - a +1 cloak (worn)
 n - a +0 helmet (worn)
 s - a +0 pair of gloves (worn)
 x - a +2 robe of magic resistance (worn)
 M - a +1 hat
 P - a +0 buckler
 R - a +2 robe of cold resistance
Jewellery
 g - a +6 ring of intelligence
 h - a ring of magical power (right hand)
 t - an uncursed ring of see invisible
 C - an uncursed ring of ice
 N - a +4 ring of evasion
 S - an uncursed ring of ice
 W - the ring of Plog (left hand) {Fire +Inv rElec Str+7 Dex-3}
   (You found it in a Gauntlet)

   [ring of fire]

   It enhances your fire magic.
   It affects your strength (+7).
   It affects your dexterity (-3).
   It protects you from fire.
   It makes you vulnerable to cold.
   It insulates you from electricity.
   It lets you turn invisible.
Wands
 B - a wand of disintegration (17)
 F - a wand of iceblast (5)
 I - a wand of flame (36)
Scrolls
 i - 2 scrolls of magic mapping
 o - 3 scrolls of amnesia {unknown}
 q - 6 scrolls of enchant armour
 r - 3 scrolls of remove curse
 v - a scroll of fog {unknown}
 w - 3 scrolls of teleportation {unknown}
 y - 4 scrolls of enchant weapon
 J - a scroll of immolation {unknown}
 O - 3 scrolls of brand weapon {unknown}
 Q - 3 scrolls of identify
 U - a scroll of noise {unknown}
Potions
 a - 3 potions of flight
 f - a potion of resistance {unknown}
 k - 4 potions of lignification
 l - 3 potions of curing
 m - 3 potions of cancellation
 u - 2 potions of ambrosia
 z - 2 potions of might {unknown}
 A - 2 potions of stabbing {unknown}
 D - a potion of heal wounds {unknown}
 E - 4 potions of brilliance {unknown}
 G - a potion of experience {unknown}
 H - 3 potions of mutation {unknown}
 K - a potion of haste
 L - a potion of degeneration {unknown}
 T - a potion of invisibility {unknown}
Comestibles
 d - 19 rations
 V - a chunk of flesh


   Skills:
 + Level 4.4 Dodging
 - Level 2.1 Stealth
 + Level 8.1 Spellcasting
 + Level 8.3 Conjurations
 - Level 5.1 Charms
 - Level 0.7 Transmutations
 - Level 3.0 Air Magic
 * Level 16.4 Earth Magic
 + Level 2.2 Poison Magic


You had 7 spell levels left.
You knew the following spells:

 Your Spells              Type           Power        Failure   Level  Hunger
a - Sandblast             Erth           ######       0%          1    None
b - Passwall              Tmut/Erth      #####...     1%          2    None
c - Stone Arrow           Conj/Erth      ######       1%          3    None
d - Lee's Rapid Deconstr  Erth           ######....   1%          5    #####..
e - Petrify               Tmut/Erth      #####...     2%          4    ###....
f - Swiftness             Chrm/Air       ####....     1%          2    None
g - Mephitic Cloud        Conj/Pois/Air  ####....     1%          3    None

Your spell library contained the following spells:

 Spells                   Type           Power        Failure   Level  Hunger
 Yara's Violent Unravell  Hex/Tmut       ##........   41%         5    #####..
 Shock                    Conj/Air       ####         1%          1    None
 Dazzling Flash           Conj/Hex       ####..       1%          3    None
 Static Discharge         Conj/Air       ####....     1%          3    None
 Lightning Bolt           Conj/Air       ####......   5%          5    #####..
 Airstrike                Air            ###.......   6%          4    ###....
 Animate Skeleton         Necr           N/A          8%          1    None
 Apportation              Tloc           #.....       8%          1    None
 Corona                   Hex            #......      8%          1    None
 Summon Small Mammal      Summ           #...         8%          1    None
 Ensorcelled Hibernation  Hex/Ice        #.....       11%         2    None
 Confusing Touch          Hex            #.......     22%         3    None
 Tukima's Dance           Hex            #.......     22%         3    None


Dungeon Overview and Level Annotations

Branches:
Dungeon (10/15)            Temple (1/1) D:7            Lair (2/6) D:10
    Orc (0/2) D:9          Bailey (visited)         Gauntlet (1/1)
  Swamp: Lair:2-4    Shoals: Lair:2-4     Snake: Lair:2-4    Spider: Lair:2-4

Altars:
Ashenzari
Cheibriados
Dithmenos
Elyvilon
Fedhas
Gozag
Hepliaklqana
Kikubaaqudgha
Makhleb
Nemelex Xobeh
Okawaru
Qazlal
Ru
Sif Muna
Trog
Uskayaw
Vehumet
Wu Jian
Xom
Yredelemnul
Zin
The Shining One

Shops:
D:5 *

Annotations:
D:10 2 transporters, cada's ghost, journeyman TrFi Gauntlet 14 transporters, exclusion: obsidian statue


Innate Abilities, Weirdness & Mutations

You are resistant to torment.
Your stone body is resilient. (AC +8)
You are immune to poison.
You resist negative energy. (rN+)
You are resistant to electric shocks. (rElec)
You can survive without breathing.
You are immune to petrification.
You are immune to rotting.


Message History

Confirm with . or Enter, or press ? or * to list all spells.
Aiming: Lee's Rapid Deconstruction (safe; 1% risk of failure)
Press: ? - help, Dir - move target cursor, f/p - minotaur Fragment what (e.g. wall or brittle monster)?: a minotaur shaped shifter (moderately wounded, petrified, confused)
The minotaur shatters!!
The minotaur is heavily wounded.
The minotaur seems less confused.
The minotaur is no longer petrified.
The minotaur hits you! The minotaur gores you. The minotaur hits you!!
The minotaur gores you but does no damage.
Okay, then.
As you read the scroll of fear, it crumbles to dust.
You assume a fearsome visage.
The minotaur resists with some effort.
The minotaur closely misses you. The minotaur gores you!
* * * LOW HITPOINT WARNING * * *
There is a transporter here.
You enter the transporter and appear at another place.
The minotaur hits you!
You die...

###################
.................≈#
..................###
####.###########..#8#
.÷##.#.........#..###
.#.#.#.#.....#.#....#
#..#.#..##.##..#....###
...#.#..##.##..###..#8#
...#.#..#.©.#.§#@#..###
...#.#..##.##.[#H#..#
#..#.#..##.##.=#.#..### ### ###
.#.#.#.#.†...#.#.#..#8# #8# #8#
..##.#.w.......#.#..#############
################.#..............#
........©#≈≈8≈≈#.#..............#
################.#############...
§≈≈#©...........©...........©#...


You could see a minotaur shaped shifter.

Vanquished Creatures
  Fannar (Lair:1)
  Harold (D:7)
  2 deep trolls (D:9)
  2 orc knights (Bailey)
  A cyclops (shapeshifter) (Gauntlet)
  Joseph (D:10)
  A gargoyle (D:10)
  A torpor snail (Gauntlet)
  Maggie (D:9)
  A komodo dragon (Lair:1)
  A hornet (D:8)
  10 trolls
  10 blink frogs
  Prince Ribbit (Lair:1)
  A hippogriff (D:10)
  Eustachio (D:6)
  15 yaks
  Menkaure (D:5)
  Edmund (D:5)
  A water moccasin (Lair:1)
  A swamp worm (shapeshifter) (Gauntlet)
  A porcupine (Lair:1)
  3 ice beasts
  2 sky beasts
  A phantom (D:7)
  5 black bears
  7 orc warriors
  8 ogres
  2 centaurs
  A necrophage (D:9)
  3 wolves (D:10)
  A crocodile (Lair:1)
  8 bullfrogs
  A wyvern skeleton (D:10)
  4 scorpions
  5 killer bees (D:8)
  3 wights (D:9)
  3 howler monkeys
  8 electric eels
  6 crimson imps
  2 centaur zombies
  A centaur skeleton (D:7)
  5 hounds
  3 jellies
  5 orc priests
  A gnoll shaman (D:6)
  13 orc wizards
  5 worker ants
  A killer bee zombie (D:7)
  2 hound zombies
  A howler monkey zombie (D:5)
  Robin (D:2)
  A howler monkey skeleton (D:5)
  9 gnolls
  10 adders
  4 shadow imps
  2 oozes
  An adder zombie (D:9)
  An adder skeleton (D:6)
  A worm (D:3)
  3 dart slugs
  6 leopard geckos
  42 orcs
  6 bats
  5 giant cockroaches
  21 goblins
  15 hobgoblins
  11 jackals
  21 kobolds
  8 quokkas
  A ball python (D:2)
  6 frilled lizards
  10 rats
351 creatures vanquished.

Vanquished Creatures (others)
  22 demonic plants (Gauntlet)
  2 fungi (Lair:2)
24 creatures vanquished.

Grand Total: 375 creatures vanquished

Notes
Turn   | Place    | Note
-------+----------+-------------------------------------------
     0 | D:1      | DearestLeader the Gargoyle Earth Elementalist began the
                  | quest for the Orb.
     0 | D:1      | Reached XP level 1. HP: 10/10 MP: 3/3
   121 | D:1      | Reached skill level 4 in Earth Magic
   170 | D:1      | Reached XP level 2. HP: 10/15 MP: 5/5
   705 | D:1      | Reached skill level 5 in Earth Magic
   705 | D:1      | Reached XP level 3. HP: 14/19 MP: 3/6
  1548 | D:2      | Noticed Robin
  1819 | D:2      | Reached XP level 4. HP: 17/24 MP: 7/7
  1825 | D:2      | Killed Robin
  1825 | D:2      | Reached skill level 6 in Earth Magic
  2114 | D:2      | Learned a level 2 spell: Passwall
  2118 | D:2      | Learned a level 3 spell: Stone Arrow
  2984 | D:3      | Found a stormy altar of Qazlal.
  3204 | D:3      | Reached XP level 5. HP: 21/28 MP: 8/8
  3492 | D:3      | Found a hazy altar of Hepliaklqana.
  3492 | D:3      | Found a sacrificial altar of Ru.
  3493 | D:3      | Found an ancient bone altar of Kikubaaqudgha.
  3493 | D:3      | Found a glowing silver altar of Zin.
  3843 | D:4      | Reached skill level 7 in Earth Magic
  4007 | D:4      | Found a shadowy altar of Dithmenos.
  4061 | D:4      | Reached XP level 6. HP: 22/32 MP: 10/10
  4309 | D:4      | Reached skill level 8 in Earth Magic
  4560 | D:4      | Reached XP level 7. HP: 36/36 MP: 12/12
  5102 | D:5      | Entered Level 5 of the Dungeon
  5104 | D:5      | Reached skill level 9 in Earth Magic
  5140 | D:5      | Noticed Menkaure
  5146 | D:5      | Killed Menkaure
  5268 | D:5      | Reached XP level 8. HP: 41/41 MP: 12/14
  5270 | D:5      | Reached skill level 10 in Earth Magic
  5408 | D:5      | Found Tyishrua's Assorted Antiques.
  5416 | D:5      | Bought a white potion for 24 gold pieces
  5416 | D:5      | Bought a scroll labeled URUTZO ALEU for 27 gold pieces
  5416 | D:5      | Bought a fuming silvery potion for 24 gold pieces
  5416 | D:5      | Bought a scroll of identify for 54 gold pieces
  5440 | D:5      | Learned a level 5 spell: Lee's Rapid Deconstruction
  5452 | D:5      | Noticed Edmund
  5459 | D:5      | Killed Edmund
  5835 | D:5      | Reached skill level 5 in Spellcasting
  5863 | D:5      | Reached skill level 11 in Earth Magic
  6289 | D:6      | Learned a level 4 spell: Petrify
  6290 | D:6      | Reached XP level 9. HP: 45/45 MP: 10/17
  6462 | D:6      | Reached skill level 1 in Conjurations
  6612 | D:6      | Noticed Eustachio
  6616 | D:6      | Killed Eustachio
  6616 | D:6      | Reached skill level 12 in Earth Magic
  6958 | D:7      | Found a bloodstained altar of Trog.
  7021 | D:7      | Found a shattered altar of Ashenzari.
  7111 | D:7      | Found a staircase to the Ecumenical Temple.
  7121 | Temple   | Entered the Ecumenical Temple
  7266 | Temple   | Became a worshipper of Vehumet
  7334 | D:7      | Found a flagged portal.
  7343 | Bailey   | Entered a bailey
  7417 | Bailey   | Noticed an orc knight
  7421 | Bailey   | Noticed an orc knight
  8041 | Bailey   | Killed an orc knight
  8041 | Bailey   | Reached skill level 13 in Earth Magic
  8041 | Bailey   | Reached XP level 10. HP: 36/50 MP: 8/20
  8131 | Bailey   | Reached * piety under Vehumet
  8131 | Bailey   | Offered knowledge of Freeze by Vehumet.
  8211 | Bailey   | Killed an orc knight
  9122 | D:7      | Reached skill level 5 in Conjurations
  9461 | D:7      | Noticed Harold
  9474 | D:7      | Killed Harold
  9474 | D:7      | Reached skill level 14 in Earth Magic
 10006 | D:8      | Reached ** piety under Vehumet
 10007 | D:8      | Offered knowledge of Foxfire by Vehumet.
 10374 | D:8      | Noticed a +0 dagger
 10374 | D:8      | Noticed a +0 hand axe
 10377 | D:8      | Found a hide-covered altar of Uskayaw.
 10556 | D:8      | Found a glowing golden altar of the Shining One.
 11051 | D:9      | Reached XP level 11. HP: 46/54 MP: 13/22
 11391 | D:9      | Learned a level 2 spell: Swiftness
 11580 | D:9      | Noticed Maggie
 11586 | D:9      | Killed Maggie
 11586 | D:9      | Reached skill level 1 in Charms
 11911 | D:9      | Found a staircase to the Orcish Mines.
 11928 | D:9      | Offered knowledge of Mephitic Cloud by Vehumet.
 11997 | D:9      | Noticed a deep troll
 11999 | D:9      | Noticed a deep troll
 12023 | D:9      | Killed a deep troll
 12023 | D:9      | Reached skill level 15 in Earth Magic
 12854 | D:9      | Killed a deep troll
 13053 | D:9      | Learned a level 3 spell: Mephitic Cloud
 13249 | D:10     | Entered Level 10 of the Dungeon
 13402 | D:10     | Reached *** piety under Vehumet
 13435 | D:10     | Reached skill level 1 in Air Magic
 13580 | D:10     | Found a staircase to the Lair.
 13588 | D:10     | Offered knowledge of Ignite Poison by Vehumet.
 13734 | D:10     | Found a transporter.
 13738 | D:10     | Noticed cada's ghost (journeyman TrFi)
 13740 | D:10     | Noticed a moth of wrath
 13743 | D:10     | Noticed a wolf spider
 13814 | D:10     | Noticed Joseph
 13827 | D:10     | Killed Joseph
 14016 | D:10     | Found an ornate altar of the Wu Jian Council.
 14116 | D:10     | Found a transporter.
 14481 | Lair:1   | Entered Level 1 of the Lair of Beasts
 14843 | Lair:1   | Reached XP level 12. HP: 59/59 MP: 22/24
 14912 | Lair:1   | Noticed Fannar
 14919 | Lair:1   | Noticed Prince Ribbit
 14938 | Lair:1   | Killed Prince Ribbit
 14951 | Lair:1   | Killed Fannar
 14951 | Lair:1   | Reached skill level 5 in Charms
 15490 | Lair:2   | Reached skill level 16 in Earth Magic
 15622 | Lair:2   | Reached skill level 1 in Poison Magic
 15623 | Lair:2   | Reached **** piety under Vehumet
 15635 | Lair:2   | Offered knowledge of Yara's Violent Unravelling by Vehumet.
 15792 | Lair:2   | Found a gate leading to a gauntlet.
 15826 | Gauntlet | Entered a Gauntlet
 15826 | Gauntlet | Found a transporter.
 15836 | Gauntlet | Found a transporter.
 15851 | Gauntlet | Found a transporter.
 15856 | Gauntlet | Found a transporter.
 15870 | Gauntlet | Noticed an eight-headed hydra
 15871 | Gauntlet | Found a transporter.
 15890 | Gauntlet | Found a transporter.
 15898 | Gauntlet | Noticed a green death
 15899 | Gauntlet | Found a transporter.
 15914 | Gauntlet | Found a transporter.
 15926 | Gauntlet | Found a transporter.
 15938 | Gauntlet | Found a transporter.
 15955 | Gauntlet | Found a transporter.
 15955 | Gauntlet | Found a transporter.
 15975 | Gauntlet | Found a transporter.
 15997 | Gauntlet | Found a transporter.
 16021 | Gauntlet | Found a transporter.
 16098 | Gauntlet | Found a transporter.
 16101 | Gauntlet | Noticed a death scarab
 16133 | Gauntlet | Found a transporter.
 16135 | Gauntlet | Found a transporter.
 16187 | Gauntlet | Noticed a two-headed ogre
 16187 | Gauntlet | an eye of devastation changed into a two-headed ogre
 16286 | Gauntlet | Noticed a four-headed hydra
 16297 | Gauntlet | Noticed a minotaur
 16297 | Gauntlet | a four-headed hydra changed into a minotaur
 16327 | Gauntlet | Noticed an entropy weaver
 16327 | Gauntlet | a minotaur changed into an entropy weaver
 16332 | Gauntlet | Noticed a minotaur
 16332 | Gauntlet | an entropy weaver changed into a minotaur
 16366 | Gauntlet | Got a vibrating brass ring
 16368 | Gauntlet | Identified the ring of Plog {Fire +Inv rElec Str+7 Dex-3}
                  | (You found it in a Gauntlet)
 16410 | Gauntlet | Noticed a shock serpent
 16410 | Gauntlet | a shining eye changed into a shock serpent
 16412 | Gauntlet | a minotaur changed into something unseen
 16419 | Gauntlet | Noticed an emperor scorpion
 16427 | Gauntlet | a shock serpent changed into a floating eye
 16457 | Gauntlet | Noticed a minotaur
 16457 | Gauntlet | an emperor scorpion changed into a minotaur
 16559 | Gauntlet | Slain by a minotaur (shapeshifter)

Illustrated notes

Levels and vault maps discovered:
D:1:      scummos_arrival_hexagon, layout_basic, serial_forest,
          infiniplex_forest_straight_2, infiniplex_forest_straight_3,
          infiniplex_forest_lined_room_2, infiniplex_forest_lined_2,
          infiniplex_forest_lined_2, infiniplex_forest_join
D:2:      layout_loops_ring, uniq_robin
D:3:      layout_basic, lemuel_round_altar,
          chequers_temple_overflow_statue_of_worship
D:4:      layout_rooms, nicolae_dithmenos_shadow_blocks, first_ration,
          minivault_23, minmay_a_box_with_orc_wizards_in_it
D:5:      corexii_shack_village, layout_rooms, serial_shops, shop,
          minmay_joined_circles, uniq_edmund, uniq_menkaure
D:6:      layout_gridville, uniq_eustachio
D:7:      layout_cave_pods, lemuel_doored_altar,
          minmay_temple_entry_statues_fountains, lightli_bailey_entry_fortress,
          grunt_ogre_cave, trog_ov_bears_minmay, uniq_harold
D:8:      layout_loops_cross, dancing_weapons_uskayaw,
          nicolae_tso_carved_into_rock
D:9:      lemuel_troll_bridge, layout_layer_cave, orc_0_dummy, uniq_maggie
D:10:     layout_irregular_city, erik_lair_island, basic_altar,
          gammafunk_ghost_berserking_beasts, minmay_strange_pillars, uniq_joseph
Temple:   nicolae_temple_great_sept
Lair:1:   layout_long_grid, cheibrodos_lair_caveside_slide, grunt_megastairs_1,
          uniq_prince_ribbit2, uniq_fannar
Lair:2:   layout_roguey [special_room_bee], gauntlet_entry_generic
Gauntlet: gammafunk_gauntlet_one_two_three [nicolae_gauntlet_arena_x,
          gammafunk_gauntlet_arena_chambers, nicolae_gauntlet_arena_blocks,
          gammafunk_gauntlet_arena_hedges, nicolae_gauntlet_arena_grate_2,
          gammafunk_gauntlet_arena_open, gammafunk_gauntlet_arena_spirals,
          gammafunk_gauntlet_arena_split_diamond, gammafunk_gauntlet_arena_grid,
          gauntlet_exit_green]

Skill      XL: |  1  2  3  4  5  6  7  8  9 10 11 12 |
---------------+-------------------------------------+-----
Earth Magic    | 4 5 6 7 8 9 11 13 14 15 16 | 16.4
Spellcasting   | 3 4 5 6 7 8 |  8.1
Conjurations   | 4 6 7 8 |  8.3
Dodging        | 3 4 |  4.4
Charms         | 4 5 |  5.1
Air Magic      | 2 3 |  3.0
Poison Magic   | 2 |  2.2
Stealth        | |  2.1
Transmutations | |  0.7

Action                   |  1- 3 |  4- 6 |  7- 9 | 10-12 || total
-------------------------+-------+-------+-------+-------++-------
Melee: Spear             |    16 |       |       |       ||    16
       Dagger            |    67 |       |    30 |    63 ||   160
       Whip              |    73 |   175 |   215 |   147 ||   610
 Cast: Sandblast         |    15 |    33 |    19 |    34 ||   101
       Stone Arrow       |       |     2 |    68 |   156 ||   226
       Lee's Rapid Decon |       |       |    14 |    56 ||    70
       Petrify           |       |       |     5 |    22 ||    27
       Mephitic Cloud    |       |       |       |     3 ||     3
       Swiftness         |       |       |       |     2 ||     2
Evoke: Wand              |       |       |       |     1 ||     1
  Use: Scroll            |       |     6 |     4 |     4 ||    14
       Potion            |       |       |     1 |       ||     1
 Stab: Sleeping          |     3 |     3 |     1 |     1 ||     8
  Eat: Chunk             |     3 |     9 |    11 |    31 ||    54
       Ration            |       |       |     2 |     2 ||     4
Armor: Robe              |    41 |    70 |   225 |   151 ||   487
Dodge: Dodged            |    91 |   144 |   332 |   216 ||   783
